 Dungeon Crawl Stone Soup version 0.27-a0-1140-g099f9bb0e8 (webtiles) character file.

Game seed: 11761903769851280488

778 Froggeryz the Arsonist (level 7, -2/46 HPs)
             Began as a Demonspawn Fire Elementalist on May 9, 2021.
             Slain by a troll (5 damage)
             ... on level 4 of the Dungeon.
             The game lasted 00:10:28 (5418 turns).

Froggeryz the Arsonist (DsFE)                       Turns: 5418, Time: 00:10:29

Health: -2/46      AC:  2    Str:  8    XL:     7   Next: 54%
Magic:  7/10       EV: 12    Int: 19    God:
Gold:   84         SH:  0    Dex: 23    Spells: 5/10 levels left

rFire    . . .     SeeInvis .   d - +1 dagger (venom)
rCold    . . .     Faith    .   (no shield)
rNeg     . . .     Spirit   .   a - +0 robe
rPois    .         Reflect  .   (no helmet)
rElec    .         Harm     .   (no cloak)
rCorr    .         Rampage  .   (no gloves)
Will     .....                  (no boots)
Stlth    ++++......             (no amulet)
HPRegen  0.15/turn              e - +6 ring of dexterity
MPRegen  0.12/turn              (no ring)

@: attractive, flying, studying Long Blades
A: talons 2, thin skeletal structure 2
a: no special abilities


You were on level 4 of the Dungeon.
You visited 1 branch of the dungeon, and saw 4 of its levels.

You collected 84 gold pieces.

Inventory:

Hand Weapons
 d - a +1 dagger of venom (weapon)
Missiles
 l - 21 poisoned darts (quivered)
Armour
 a - a +0 robe (worn)
Jewellery
 e - a +6 ring of dexterity (left hand)
 i - a ring of wizardry
Scrolls
 b - a scroll of vulnerability {unknown}
 c - 3 scrolls of identify {unknown}
 f - a scroll of holy word {unknown}
 g - 4 scrolls of amnesia {unknown}
 h - a scroll of blinking {unknown}
 k - a scroll of enchant armour {unknown}
 m - a scroll of torment {unknown}


   Skills:
 - Level 1.7 Dodging
 - Level 1.7 Stealth
 - Level 2.0 Spellcasting
 * Level 1.0 Conjurations
 - Level 8.2 Fire Magic


You had 5 spell levels left.
You knew the following spells:

 Your Spells              Type           Power      Damage    Failure   Level
a - Foxfire               Conj/Fire      76%        2x1d7     2%          1
b - Sticky Flame          Conj/Fire      19%        2d4       26%         4

Your spell library contained the following spells:

 Spells                   Type           Power      Damage    Failure   Level
 Conjure Flame            Conj/Fire      19%        6-21      8%          3
 Inner Flame              Hex/Fire       17%        N/A       10%         3
 Fireball                 Conj/Fire      9%         3d6       56%         5


Dungeon Overview and Level Annotations

Branches:
Dungeon (4/15)
 Temple: D:4-7

Altars:
Cheibriados
Fedhas
Kikubaaqudgha
Qazlal
Xom

Shops:
D:1 *   D:3 ?


Innate Abilities, Weirdness & Mutations

You have razor-sharp toenails.
You have a moderately thin skeletal structure. (Dex +4, Stealth++)


Message History

The spell is quite dangerous to cast (26% risk of failure)!
Continue anyway?
Aiming: Sticky Flame (quite dangerous; 26% risk of failure)
Press: ? - help, Shift-Dir - straight line, f - troll
Aim: a troll (lightly wounded, ally target, 100% to hit)
The sticky flame hits the troll.
The troll is lightly wounded.
The troll is covered in liquid flames!
The troll burns!
The foxfire hits the troll.
The troll is moderately wounded.
The foxfire hits the troll.
The troll is moderately wounded.
The troll barely misses you. The troll claws you but does no damage.
The troll claws you!
Unknown command.
The troll burns!
The troll completely misses you. The troll claws you. x2
The troll burns!
The troll burns!
The troll stops burning.
There is a large open door here.
The troll bites you!!
* * * LOW HITPOINT WARNING * * *
The troll claws you.
* * * LOW HITPOINT WARNING * * *
The troll claws you.
* * * LOW HITPOINT WARNING * * *
Casting: Sticky Flame (quite dangerous; 26% risk of failure)
Confirm with . or Enter, or press ? or * to list all spells.
The spell is quite dangerous to cast (26% risk of failure)!
Continue anyway?
Okay, then.
Unknown command.
You see here a ball python skeleton.
An adder skeleton comes into view.
Okay, then.
It was a potion of attraction.
You feel attractive to monsters.
It was a potion of flight.
You feel very buoyant.
You fly up into the air.
The troll closely misses you. The troll claws you.
* * * LOW HITPOINT WARNING * * *
The troll claws you.
You die...

#.# #....####.....#.##.# #.#
##.#..####...#...##.# ##.#
#.....#..........##.###### ...#
#..#.............##......## ####
#..##...##.##)...##.####..#
#..###..##.##....##.# ##.#
####..##...#####....##.### #.#
#.....##...##.#.....##...# #.#
#.###......##@.......#######.#
#.# #####....T........# #≈... #
#.# ####..##..##..# #≈... # ##.#
####..##..##..####≈...
###.#.######.##..######.....#≈...
##.###......#....######..#.##≈...
#...#.####.###...##..#....###≈...
..............#..##......#.##≈...
#####.######..#..........##.#≈...


You could see a troll.

Vanquished Creatures
  Sigmund (D:3)
  An ogre (D:4)
  A centaur (D:4)
  A bullfrog (D:4)
  A water moccasin skeleton (D:4)
  3 hounds (D:4)
  Terence (D:2)
  Natasha (twice) (D:2)
  4 gnolls (D:3)
  5 adders
  An ufetubus (D:4)
  An adder skeleton (D:4)
  2 worms
  4 orcs (D:3)
  2 bats (D:3)
  8 endoplasms
  5 giant cockroaches
  5 goblins
  9 hobgoblins
  A quokka (D:1)
  10 ball pythons
  A ball python zombie (D:3)
  2 frilled lizards
  11 kobolds
  A quokka skeleton (D:4)
  5 rats
  2 rat zombies (D:4)
90 creatures vanquished.

Vanquished Creatures (collateral kills)
  A foxfire (D:3)
1 creature vanquished.

Vanquished Creatures (others)
  114 foxfires
114 creatures vanquished.

Grand Total: 205 creatures vanquished

Notes
Turn   | Place    | Note
-------+----------+-------------------------------------------
     0 | D:1      | Froggeryz the Demonspawn Fire Elementalist began the quest
                  | for the Orb.
     0 | D:1      | Reached XP level 1. HP: 13/13 MP: 3/3
   104 | D:1      | Found Mixt's General Store.
   111 | D:1      | Reached skill level 3 in Fire Magic
   209 | D:1      | Gained mutation: You have sharp toenails. [demonic
                  | ancestry]
   209 | D:1      | Reached XP level 2. HP: 12/19 MP: 1/5
   717 | D:1      | Found a faded altar of an unknown god.
  1251 | D:2      | Found a stormy altar of Qazlal.
  1482 | D:2      | Noticed Terence
  1498 | D:2      | Killed Terence
  1499 | D:2      | Reached skill level 4 in Fire Magic
  1499 | D:2      | Reached XP level 3. HP: 24/24 MP: 4/6
  1832 | D:2      | Reached XP level 4. HP: 17/30 MP: 4/7
  2037 | D:2      | Noticed Natasha
  2043 | D:2      | Killed Natasha
  2217 | D:2      | Noticed Natasha
  2228 | D:2      | Killed Natasha
  2229 | D:2      | Reached skill level 5 in Fire Magic
  2946 | D:3      | Gained mutation: You have razor-sharp toenails. [demonic
                  | ancestry]
  2946 | D:3      | Reached XP level 5. HP: 35/35 MP: 4/8
  3004 | D:3      | Found Joli's Magic Scroll Shop.
  3059 | D:3      | Found a blossoming altar of Fedhas.
  3061 | D:3      | Found a snail-covered altar of Cheibriados.
  3061 | D:3      | Found a shimmering altar of Xom.
  3106 | D:3      | Noticed Sigmund
  3143 | D:3      | Killed Sigmund
  3144 | D:3      | Reached skill level 6 in Fire Magic
  3144 | D:3      | Gained mutation: You have a somewhat thin skeletal
                  | structure. (Dex +2, Stealth+) [demonic ancestry]
  3144 | D:3      | Reached XP level 6. HP: 9/41 MP: 5/9
  4069 | D:4      | Reached skill level 7 in Fire Magic
  4340 | D:4      | Gained mutation: You have a moderately thin skeletal
                  | structure. (Dex +4, Stealth++) [demonic ancestry]
  4340 | D:4      | Reached XP level 7. HP: 46/46 MP: 5/10
  4345 | D:4      | Learned a level 4 spell: Sticky Flame
  4420 | D:4      | Found an ancient bone altar of Kikubaaqudgha.
  4775 | D:4      | Reached skill level 8 in Fire Magic
  4796 | D:4      | Noticed a troll
  5418 | D:4      | Slain by a troll

Illustrated notes

Levels and vault maps discovered:
D:1:      lemuel_arrival_muddy, layout_loops_ring, serial_rivers,
          chequers_serial_rivers_small_b, chequers_serial_rivers_marsh,
          chequers_serial_rivers_micro_c, chequers_serial_rivers_marsh,
          serial_shops, nicolae_shop_waterfront,
          shapermc_ecumenical_altar_starsandcircs
D:2:      layout_basic, basic_altar, minmay_misc_feat_alley, kennysheep_nub,
          uniq_terence, uniq_natasha
D:3:      layout_rooms, minitemple, serial_shops, nicolae_shop_statue_plus,
          minmay_misc_feat_doors, serial_bayou_pond_a, st_stairs_6,
          minmay_distorted, uniq_sigmund
D:4:      layout_loops_ring, lemuel_zombie_altar_kikubaaqudgha,
          hangedman_decor_growths, st_stairs_11, kennysheep_cross_room,
          minmay_manual_monolith

Skill      XL: |  1  2  3  4  5  6  7 |
---------------+----------------------+-----
Fire Magic     | 3 4 5 6 7 8 |  8.2
Dodging        | |  1.7
Stealth        | |  1.7
Spellcasting   | |  2.0
Conjurations   | |  1.0

Action                   |  1- 3 |  4- 6 |  7- 9 || total
-------------------------+-------+-------+-------++-------
Melee: Unarmed           |    15 |       |       ||    15
       Dagger            |    48 |    62 |    43 ||   153
       Kick              |    15 |    19 |    16 ||    50
 Cast: Foxfire           |    16 |    44 |    16 ||    76
       Sticky Flame      |       |       |     3 ||     3
  Use: Potion            |       |       |     2 ||     2
 Stab: Sleeping          |     4 |     9 |     7 ||    20
Armor: Robe              |     6 |     7 |     3 ||    16
Dodge: Dodged            |    34 |    27 |    33 ||    94

Table legend: (Time is in decaauts)
 A = Elapsed time spent in this place.
 B = Non-inter-level travel time spent in this place.
 C = Inter-level travel time spent in this place.
 D = Time resting spent in this place.
 E = Time spent auto-exploring this place.
 F = Levels seen in this place.
 G = Mean time per level.
                   A        B        C        D        E       F      G
               +--------+--------+--------+--------+--------+-----+--------+
         Total |   5427 |   4985 |    442 |    806 |   3363 |   4 | 1356.8 |
       Dungeon |   5427 |   4985 |    442 |    806 |   3363 |   4 | 1356.8 |
               +--------+--------+--------+--------+--------+-----+--------+

Top non-repeatable levels by time:
     D:2: 1625 daAuts
     D:3: 1346 daAuts
     D:1: 1234 daAuts
     D:4: 1220 daAuts
